Map: Site Delta LE

Players

Putin

  • Race: Zerg Zerg
  • League: Platinum
  • Spawn Location: 11:00

SubN - Winner!

  • Race: Zerg Zerg
  • League: Diamond
  • Spawn Location: 5:00

VOD

Have the link to the VOD?

Description

Time

  • Played on: Dec. 27, 2023, 2:26 p.m.
  • Length: 5:54
Show
View Real Time Build Order
Export as new Build Order

Putin Zerg 

Build Orders: Hatch First 

Get SALT Encoding   

  12  0:01  Drone  
  13  0:13  Overlord  
  13  0:23  Drone  
  14  0:32  Drone x2  
  16  0:45  Drone  
  17  0:51  Hatchery  
  16  0:58  Extractor  
  15  1:09  Spawning Pool  
  15  1:11  Drone  
  15  1:15  Drone  
  16  1:20  Drone  
  16  1:25  Drone  
  18  1:37  Drone  
  19  1:45  Drone  
  20  1:55  Drone  
  20  1:59  Metabolic Boost  
  21  2:03  Queen  
  21  2:04  Queen  
  21  2:06  Zergling x2  
  26  2:14  Drone  
  27  2:24  Drone  
  28  2:51  Baneling Nest  
  28  2:55  Zergling x2, Overlord  
  28  3:04  Hatchery  
  27  3:05  Zergling x2  
  27  3:13  Queen  
  27  3:14  Zergling x10, Spine Crawler  
  27  3:19  Zergling x6  
  31  3:25  Zergling x2  
  28  3:30  Zergling x2  
  27  3:36  Zergling x2  
  27  3:37  Zergling x2  
  27  3:39  Baneling  
  27  3:40  Baneling x2  
  20  3:59  Drone  
  21  4:09  Baneling  
  18  4:35  Spawning Pool  
  18  4:38  Drone x5  
  14  4:57  Drone  
  11  5:21  Zergling x8  
  11  5:23  Zergling x2  
Show
View Real Time Build Order
Export as new Build Order

SubN Zerg - Winner!

Build Orders: Pool First 

Get SALT Encoding   

  12  0:00  Drone  
  13  0:08  Drone  
  14  0:14  Extractor  
  13  0:28  Spawning Pool  
  12  0:56  Hatchery  
  11  1:14  Queen  
  13  1:24  Overlord  
  13  1:37  Zergling x2  
  14  1:40  Metabolic Boost  
  14  1:45  Zergling x2  
  15  1:50  Zergling x2  
  16  1:54  Zergling x2  
  16  2:00  Zergling x2  
  18  2:13  Queen  
  20  2:18  Zergling x2  
  21  2:23  Zergling x2  
  22  2:33  Zergling x2  
  22  2:34  Zergling x2  
  24  2:53  Zergling x2  
  24  2:54  Zergling x6  
  28  3:00  Overlord  
  28  3:10  Overlord  
  27  3:30  Zergling x2  
  27  3:31  Zergling x6  
  28  3:45  Zergling x2  
  28  3:46  Zergling x4  
  25  3:58  Zergling x6  
  25  4:07  Zergling x4  
  25  4:14  Zergling x2  
  22  4:26  Zergling x6  
  23  4:41  Zergling x2  
  23  4:42  Zergling x4  
  26  4:52  Zergling x4  
  25  4:53  Zergling x2  
  24  5:05  Zergling x4  
  26  5:11  Zergling x2  
  27  5:14  Zergling x2  
  27  5:16  Zergling x2  
  29  5:30  Zergling x6  
  31  5:37  Zergling x2  
Tags
 
Add a new tag
Caveats
  • Supply blocks, unpowered buildings, or Contaminate may cause inaccurate times.
  • Supply counts are checked every 10 seconds.